 Dungeon Crawl Stone Soup version 0.17-a0-2055-gb4e23be (webtiles) character file.

24 DMSwoyer the Grave Robber (level 2, 20/20 HPs)
             Began as a Mummy Necromancer on Oct 11, 2015.
             Quit the game on level 2 of the Dungeon.
             The game lasted 00:11:23 (1514 turns).

DMSwoyer the Grave Robber (Mummy Necromancer)       Turns: 1514, Time: 00:11:23

Health: 20/20      AC:  2    Str: 11    XL:     2   Next: 79%
Magic:  5/5        EV: 12    Int: 14    God:
Gold:   62         SH:  0    Dex: 12    Spells: 2 memorised, 3 levels left

rFire  x . .     SeeInvis .     h - +0 whip
rCold  + . .     Clarity  .     a - +0 robe
rNeg   + + +     SustAt   .     (no shield)
rPois  ∞         Gourm    .     (no helmet)
rElec  .         Spirit   .     (no cloak)
rCorr  .         Warding  .     (no gloves)
rMut   .         Stasis   .     (no boots)
MR     .....                    (no amulet)
Stlth  ++........               (no ring)
                                (no ring)

@: not resistant to hostile enchantments, unstealthy
A: no food or potions, fire vulnerability, cold resistance 1, negative energy
resistance 3, torment resistance, unbreathing
a: no special abilities


You were on level 2 of the Dungeon.
You were not hungry.

You visited 1 branch of the dungeon, and saw 2 of its levels.

You collected 62 gold pieces.

Inventory:

Hand Weapons
 h - a +0 whip (weapon)
 p - a +2 dagger of protection
Missiles
 c - 22 stones (quivered)
 i - 3 needles of slowing
Armour
 a - a +0 robe (worn)
 g - a +0 robe
Jewellery
 o - an uncursed amulet of clarity {unknown}
Scrolls
 d - 2 scrolls of identify {unknown}
 e - a scroll of amnesia {unknown}
 k - a scroll of random uselessness {unknown}
 m - a scroll of teleportation {unknown}
Potions
 f - 2 potions of curing {unknown}
 j - a potion of heal wounds {unknown}
 l - a potion of degeneration {unknown}
 n - a potion of flight {unknown}
Books
 b - a book of Necromancy

   Spells                             Type                      Level
   a - Pain                           Necromancy                   1
   b - Animate Skeleton               Necromancy                   1
   c - Vampiric Draining              Necromancy                   3
   d - Regeneration                   Charms/Necromancy            3
   e - Animate Dead                   Necromancy                   4
   f - Control Undead                 Necromancy                   4


   Skills:
 + Level 0.4 Fighting
 + Level 1.7 Dodging
 + Level 1.5 Stealth
 + Level 2.3 Spellcasting
 + Level 4.4 Necromancy


You had 3 spell levels left.
You knew the following spells:

 Your Spells              Type           Power        Failure   Level  Hunger
a - Pain                  Necr           ##..         3%          1    N/A
b - Animate Skeleton      Necr           N/A          3%          1    N/A

Dungeon Overview and Level Annotations

Branches:
Dungeon (2/15)

Altars:


Innate Abilities, Weirdness & Mutations

You do not eat or drink.
Your flesh is vulnerable to fire.
You are immune to poison.
Your flesh is cold resistant.
You are immune to negative energy.
You are immune to unholy pain and torment.
You can survive without breathing.


Message History

You see here 3 inedible chunks of flesh.
c - 22 stones (gained 1)
You start resting.
Your giant newt skeleton crumbles into dust!
Magic restored.
You start resting.
HP restored.
You swap places.
Found a tiny bronze amulet.
Found a stone staircase leading down.
o - a tiny bronze amulet You swap places.
You swap places.
Found a runed dagger.
You see here a runed dagger.
p - a runed dagger Welcome back, DMSwoyer the Mummy Necromancer.
Press ? for a list of commands and other information.
Quiver which item? (- for none, * to show all) (? for menu, Esc to quit)
Okay, then.
Are you sure you want to abandon this character and quit the game? (Confirm with "yes".)

..........##.#
####..#.#.##.#
#..#.#.##.#
####..#.#.##.#
..........##.#
......#Z####.#
.####..#.# #.#
.........# #.#
.......@.# #.#
.####..### #.#
#.. #.# #..
#.# #.. #.#
... ### ....
##..


You could see a friendly kobold skeleton.

Vanquished Creatures
  An ooze (D:1)
  A giant gecko (D:1)
  3 bats
  A giant cockroach (D:2)
  A hobgoblin (D:1)
  4 jackals (D:1)
  2 giant newts
  2 kobolds
  A rat (D:1)
16 creatures vanquished.

Vanquished Creatures (collateral kills)
  A goblin (D:1)
  A ball python (D:1)
  A kobold (D:2)
3 creatures vanquished.

Grand Total: 19 creatures vanquished

Notes
Turn   | Place    | Note
--------------------------------------------------------------
     0 | D:1      | DMSwoyer the Mummy Necromancer began the quest for the Orb.
     0 | D:1      | Reached XP level 1. HP: 13/13 MP: 3/3
     3 | D:1      | Learned a level 1 spell: Animate Skeleton
   405 | D:1      | Reached XP level 2. HP: 19/19 MP: 0/5
  1514 | D:2      | Quit the game

Vault maps used:
D:1:      lightli_arrival_quake
D:2:      ecumenical_altar_1

Action                   || total
-------------------------++-------
Melee: Unarmed           ||    29
       Whip              ||    11
Throw: Stone             ||     5
 Cast: Pain              ||    19
       Animate Skeleton  ||    10
